 Dungeon Crawl Stone Soup version 0.29.1-1-gd02db6906a (webtiles) character file.

Game seed: 10270640215131166764

4664 Icepheonix32 the Fighter (level 10, -3/93 HPs)
             Began as a Minotaur Fighter on Sept 20, 2022.
             Was a Believer of Okawaru.
             Slain by a two-headed ogre
             ... wielding a +0 giant club
              (4 damage)
             ... on level 8 of the Dungeon.
             The game lasted 00:11:27 (8412 turns).

Icepheonix32 the Fighter (Minotaur Fighter)         Turns: 8412, Time: 00:11:28

Health: -3/93      AC: 18    Str: 25    XL:     10   Next: 20%
Magic:  12/12      EV: 11    Int:  5    God:    Okawaru [**....]
Gold:   0          SH:  5    Dex: 10    Spells: 9/9 levels left

rFire   . . .      SeeInvis .   o - +5 flail (protect)
rCold   . . .      Faith    .   c - +0 buckler
rNeg    . . .      Spirit   .   b - +0 scale mail
rPois   .          Reflect  .   (helmet restricted)
rElec   .          Harm     .   (no cloak)
rCorr   .          Rampage  .   u - +2 pair of gloves
Will    .....                   (no boots)
Stlth   ..........              (no amulet)
HPRegen 0.25/turn               B - ring of flight
MPRegen 0.13/turn               (no ring)

@: about to teleport, under a protective aura, on berserk cooldown, flying,
slowed, very slow
A: horns 2, retaliatory headbutt, claws 1, high MP 1, wild magic 1
a: Renounce Religion, Heroism


You were on level 8 of the Dungeon.
You worshipped Okawaru.
Okawaru was pleased with you.
You visited 2 branches of the dungeon, and saw 9 of its levels.
You also visited: Sewer.

You collected 133 gold pieces.
You spent 133 gold pieces at shops.

Inventory:

Hand Weapons
 o - a +5 flail of protection (weapon)
Missiles
 i - a boomerang of dispersal
 C - 2 boomerangs (quivered)
Armour
 b - a +0 scale mail (worn)
 c - a +0 buckler (worn)
 u - a +2 pair of gloves (worn)
 y - a +0 chain mail
Jewellery
 B - a ring of flight (left hand)
Wands
 j - a wand of paralysis (5)
 n - a wand of polymorph (8)
Scrolls
 a - 2 scrolls of poison {unknown}
 e - a scroll of immolation
 f - 3 scrolls of teleportation
 k - 6 scrolls of identify
 l - 2 scrolls of enchant armour
 p - a scroll of fear
 r - a scroll of magic mapping {unknown}
 t - a scroll of brand weapon
 z - a scroll of enchant weapon
Potions
 d - 6 potions of might
 g - 2 potions of berserk rage
 h - a potion of resistance
 m - a potion of haste
 q - 2 potions of curing
 s - a potion of magic
 v - a potion of lignification {unknown}
 A - 2 potions of attraction {unknown}


   Skills:
 * Level 10.3 Fighting
 - Level 3.1(7.1) Axes
 + Level 10.1(10.3) Maces & Flails
 + Level 7.9 Armour
 + Level 3.8 Dodging
 + Level 1.4 Stealth
 + Level 6.1 Shields
 + Level 0.7 Unarmed Combat
 * Level 3.6 Invocations


You had 9 spell levels left.
You didn't know any spells.
Your spell library contained the following spells:

 Spells                   Type           Power      Damage    Failure   Level
 Apportation              Tloc           0%         N/A       87%         1
 Necrotise                Necr           0%         1d4       87%         1
 Sting                    Tmut/Pois      0%         1d3       87%         1
 Poisonous Vapours        Pois/Air       0%         N/A       95%         2
 Ignite Poison            Fire/Tmut/Pois 0%         N/A       99%         3
 Spider Form              Tmut/Pois      0%         N/A       99%         3
 Olgreb's Toxic Radiance  Pois           0%         N/A       100%        4
 Petrify                  Tmut/Erth      0%         N/A       100%        4
 Iron Shot                Conj/Erth      0%         9d1       100%        6
 Summon Small Mammal      Summ           Unusable   N/A       N/A         1

Dungeon Overview and Level Annotations

Branches:
Dungeon (8/15)             Temple (1/1) D:5           Sewer (visited)
   Lair: D:8-11

Altars:
Cheibriados
Dithmenos
Elyvilon
Gozag
Hepliaklqana
Kikubaaqudgha
Nemelex Xobeh
Okawaru
Ru
Trog
Wu Jian
Yredelemnul
Zin
The Shining One

Shops:
D:6 ?

Annotations:
D:8 Joseph, Maurice


Innate Abilities, Weirdness & Mutations

You have a pair of horns on your head.
You reflexively headbutt those who attack you in melee.
You have sharp fingernails.
You have an increased reservoir of magic. (+10% MP)
Your spells are a little harder to cast, but a little more powerful.


Message History

You hit the yak.
The yak is heavily wounded.
The yak barely misses you. You furiously retaliate!
You headbutt the yak. The yak gores you but does no damage.
You hit the yak.
The yak is severely wounded.
Your surroundings suddenly seem different.
A jelly and an orc come into view.
Found a pink potion, a book of Sloth and a potion of curing.
The jelly quivers.
The orc shouts!
You hear a shout! x2
Joseph, a Mercenary comes into view.
He is wielding a +0 quarterstaff of pain.
As you read the scroll of teleportation, it crumbles to dust.
You feel strangely unstable.
Joseph shouts!
You hear two shouts!
An orc comes into view. It is wielding a +0 mace.
Joseph unwields a +0 quarterstaff of pain.
Joseph wields a +1 sling of flaming.
It bursts into flame!
Joseph shoots a sling bullet.
The sling bullet hits you but does no damage.
Your surroundings seem slightly different.
A two-headed ogre comes into view. It is wielding two +0 giant clubs.
Joseph shoots a sling bullet.
You block the sling bullet.
An orc comes into view. It is wielding a +0 spear.
The orc hits you from afar with a +0 trident.
* * * LOW HITPOINT WARNING * * *
The orc misses you. The jelly closely misses you.
As you read the scroll of teleportation, it crumbles to dust.
You feel strangely unstable.
The orc hits you from afar with a +0 trident.
* * * LOW HITPOINT WARNING * * *
The jelly hits you but does no damage.
Unknown command.
You bludgeon the two-headed ogre!!
Your weapon exudes an aura of protection.
Your headbutt misses the two-headed ogre.
The two-headed ogre is moderately wounded.
The orc completely misses you. You block the two-headed ogre's attack.
The two-headed ogre hits you with a +0 giant club.
You die...

..#####.
.####..#...
.........#
...#....#
#..#...###
#.......##
##........##
####...@J..!..#
#.....O.......#
..##...o.o.....#
#.......:...#
......@......#
..###..o.....###
# #......!.#
..........#
...........#


You could see Joseph, a two-headed ogre, a jelly and 3 orcs.

Vanquished Creatures
  A two-headed ogre (D:7)
  Prince Ribbit (D:5)
  A hornet (D:7)
  3 yaks (D:8)
  A steam dragon (D:7)
  Edmund (D:5)
  2 ice beasts (D:7)
  A sky beast (D:6)
  2 black bears
  3 ogres
  2 phantoms
  5 bullfrogs
  Blork the orc (D:4)
  3 scorpions
  A necrophage (D:7)
  10 wights (D:7)
  2 vampire bats (D:5)
  A howler monkey (D:7)
  3 hounds
  3 orc priests (D:5)
  4 iguanas
  Terence (D:2)
  Natasha (twice) (D:4)
  4 orc wizards
  Robin (D:4)
  11 gnolls
  10 adders
  9 river rats (Sewer)
  A shadow imp (D:5)
  2 worms
  5 dart slugs
  20 orcs
  22 ball pythons
  8 bats
  4 bat skeletons (D:5)
  A bat zombie (D:5)
  11 endoplasms
  2 giant cockroaches
  8 goblins
  14 hobgoblins
  4 quokkas
  7 frilled lizards
  7 kobolds
  36 rats
241 creatures vanquished.

Notes
Turn   | Place    | Note
-------+----------+-------------------------------------------
     0 | D:1      | Icepheonix32 the Minotaur Fighter began the quest for the
                  | Orb.
     0 | D:1      | Reached XP level 1. HP: 19/19 MP: 0/0
   126 | D:1      | Found a faded altar of an unknown god.
   141 | D:1      | Reached XP level 2. HP: 3/27 MP: 1/1
  1133 | D:1      | Got the Enchiridion on Putrescence and the Lithosphere
  1288 | D:2      | Reached XP level 3. HP: 33/33 MP: 2/2
  1475 | D:2      | Noticed Terence
  1485 | D:2      | Killed Terence
  1486 | D:2      | Reached XP level 4. HP: 41/41 MP: 3/3
  2044 | D:3      | Noticed a black bear
  2051 | D:3      | Killed a black bear
  2052 | D:3      | Reached skill level 5 in Fighting
  2052 | D:3      | Reached skill level 1 in Maces & Flails
  2052 | D:3      | Reached XP level 5. HP: 45/48 MP: 4/4
  2203 | D:3      | Found a glowing drain.
  2234 | Sewer    | Entered a sewer
  2277 | Sewer    | Reached skill level 1 in Dodging
  2340 | Sewer    | Gained mutation: Your spells are a little harder to cast,
                  | but a little more powerful. [potion of mutation]
  2340 | Sewer    | Gained mutation: You have an increased reservoir of magic.
                  | (+10% MP) [potion of mutation]
  2340 | Sewer    | Gained mutation: You have sharp fingernails. [potion of
                  | mutation]
  2377 | Sewer    | Reached XP level 6. HP: 50/56 MP: 5/5
  2584 | Sewer    | Reached skill level 5 in Shields
  3399 | D:4      | Reached skill level 5 in Armour
  3399 | D:4      | Reached XP level 7. HP: 53/63 MP: 6/6
  3598 | D:4      | Noticed Robin
  3611 | D:4      | Killed Robin
  3999 | D:4      | Noticed Natasha
  4008 | D:4      | Killed Natasha
  4138 | D:4      | Noticed Blork the orc
  4146 | D:4      | Killed Blork the orc
  4147 | D:4      | Reached skill level 5 in Maces & Flails
  4201 | D:4      | Reached XP level 8. HP: 66/71 MP: 7/7
  4239 | D:4      | Noticed Natasha
  4245 | D:4      | Killed Natasha
  4432 | D:4      | Found a hazy altar of Hepliaklqana.
  4608 | D:5      | Entered Level 5 of the Dungeon
  4656 | D:5      | Noticed Prince Ribbit
  4667 | D:5      | Killed Prince Ribbit
  5083 | D:5      | Noticed Edmund
  5092 | D:5      | Killed Edmund
  5272 | D:5      | Found an ancient bone altar of Kikubaaqudgha.
  5636 | D:5      | Found a staircase to the Ecumenical Temple.
  5668 | Temple   | Entered the Ecumenical Temple
  5823 | Temple   | Became a worshipper of Warmaster Okawaru
  6096 | D:6      | Reached XP level 9. HP: 82/82 MP: 8/8
  6114 | D:6      | Identified the +0 pair of boots "Bepuskux" {rPois Str+4}
  6247 | D:6      | Reached skill level 1 in Stealth
  6247 | D:6      | Reached skill level 1 in Invocations
  6662 | D:6      | Found Amaaseiq's Magic Scroll Shoppe.
  6668 | D:6      | Bought a scroll of identify for 28 gold pieces
  6668 | D:6      | Bought a scroll of enchant armour for 105 gold pieces
  6913 | D:7      | Reached * piety under Okawaru
  7058 | D:7      | Paralysed by a hornet for 1 turns
  7714 | D:7      | Found a sparkling altar of Nemelex Xobeh.
  7714 | D:7      | Found a sacrificial altar of Ru.
  7856 | D:7      | Noticed a two-headed ogre
  7866 | D:7      | Killed a two-headed ogre
  7866 | D:7      | Reached ** piety under Okawaru
  7867 | D:7      | Reached XP level 10. HP: 18/93 MP: 12/12
  8248 | D:7      | Reached skill level 10 in Maces & Flails
  8339 | D:8      | Noticed Maurice
  8389 | D:8      | Reached skill level 10 in Fighting
  8392 | D:8      | Noticed a two-headed ogre
  8407 | D:8      | Noticed Joseph
  8409 | D:8      | Noticed a two-headed ogre
  8411 | D:8      | HP: 1/93 [orc/+0 trident (4)]
  8412 | D:8      | Slain by a two-headed ogre

Illustrated notes

Levels and vault maps discovered:
D:1:      dpeg_arrival_simpleton_b, layout_loops_ring,
          hellmonk_ecumenical_altar_blasted
D:2:      layout_basic, minmay_octomino_c4, uniq_terence
D:3:      layout_loops_cross, cheibrodos_sewer_entry_drain
D:4:      layout_gridville, lemuel_round_altar, uniq_blork_the_orc,
          uniq_natasha, uniq_robin
D:5:      layout_basic, kennysheep_vampire_church,
          minmay_temple_entry_nine_rooms, uniq_edmund, uniq_prince_ribbit1
D:6:      layout_loops_ring, serial_shops, kennysheep_little_box
D:7:      layout_loops_ring, nicolae_overflow_hidden_temple
D:8:      layout_rooms, amcnicky_altar_gilded, uniq_joseph, uniq_maurice,
          uniq_pikel
Temple:   hellmonk_temple_beads

Skill      XL: |  1  2  3  4  5  6  7  8  9 10 |
---------------+-------------------------------+-----
Fighting       | 4 5 6 8 9 10 | 10.3
Shields        | 4 5 6 |  6.1
Armour         | 4 5 6 7 |  7.9
Axes           | 3 |  3.1
Maces & Flails | 1 2 3 5 8 9 10 | 10.1
Dodging        | 1 2 3 |  3.8
Stealth        | 1 |  1.4
Invocations    | 3 |  3.6
Unarmed Combat | |  0.7

Action                   |  1- 3 |  4- 6 |  7- 9 | 10-12 || total
-------------------------+-------+-------+-------+-------++-------
Melee: War axe           |    60 |     2 |       |       ||    62
       Headbutt          |     7 |    13 |    42 |     7 ||    69
       Unarmed           |     4 |     3 |       |       ||     7
       Flail             |       |   166 |   262 |    40 ||   468
  Use: Scroll            |       |    12 |     1 |     3 ||    16
       Potion            |       |     2 |     1 |     1 ||     4
 Stab: Confused          |     1 |       |       |       ||     1
Armor: Scale mail        |    31 |   115 |   164 |    32 ||   342
       Skin              |     1 |       |       |       ||     1
Dodge: Dodged            |    31 |   116 |   125 |    21 ||   293
Block: Buckler           |    29 |    63 |    60 |     8 ||   160
